 Dungeon Crawl Stone Soup version 0.26-a0-695-g987792ac36 (webtiles) character file.

Game seed: 15246725483152851165

263 jasper the Ruffian (level 5, -1/48 HPs)
             Began as a Palentonga Transmuter on Oct 25, 2020.
             Slain by a worker ant (5 damage)
             ... on level 5 of the Dungeon.
             The game lasted 00:06:06 (3008 turns).

jasper the Ruffian (Palentonga Transmuter)          Turns: 3008, Time: 00:06:07

Health: -1/48      AC:  4    Str: 13    XL:     5   Next: 97%
Magic:  8/8        EV: 10    Int: 15    God:
Gold:   175        SH:  0    Dex: 10    Spells: 5/8 levels left

rFire    . . .     SeeInvis +     - Unarmed
rCold    . . .     Faith    .   (no shield)
rNeg     . . .     Spirit   .   a - +0 robe
rPois    .         Reflect  .   (helmet currently unavailable)
rElec    .         Harm     .   (no cloak)
rCorr    .         Rampage  .   (no gloves)
MR       .....                  (no barding)
Stlth    +.........             (no amulet)
HPRegen  0.16/turn              p - ring of wizardry
MPRegen  0.11/turn              (no ring)

@: brilliant, lethally poisoned (-1 -> -7), appendages (expiring), stab, hasted,
very quick
A: large, horns 2, talons 2, rugged brown scales 3, see invisible, deformed
body, roll, armoured tail
a: Rolling Charge, End Transformation


You were on level 5 of the Dungeon.
You had grown temporary horns.
You had grown temporary talons.
You visited 1 branch of the dungeon, and saw 5 of its levels.

You collected 175 gold pieces.

Inventory:

Missiles
 c - 94 stones (quivered)
Armour
 a - a +0 robe (worn)
 b - a +0 helmet (melded)
 m - a +0 buckler
 q - a +0 kite shield
Jewellery
 p - a ring of wizardry (left hand)
Wands
 t - a wand of digging (4)
Scrolls
 e - 3 scrolls of teleportation
 f - 2 scrolls of magic mapping
 h - a scroll of remove curse {unknown}
 i - a scroll of blinking {unknown}
 o - a scroll of immolation {unknown}
 s - a scroll of enchant weapon {unknown}
Potions
 g - a potion of mutation
 j - a potion of ambrosia
 l - a potion of brilliance


   Skills:
 + Level 3.0 Fighting
 - Level 2.2 Dodging
 + Level 1.4 Shields
 * Level 5.1 Unarmed Combat
 - Level 2.0 Spellcasting
 - Level 2.0 Transmutations


You had 5 spell levels left.
You knew the following spells:

 Your Spells              Type           Power        Failure   Level
a - Beastly Appendage     Tmut           ##....       4%          1
b - Wereblood             Tmut           ##......     6%          2

Your spell library contained the following spells:

 Spells                   Type           Power        Failure   Level
 Spider Form              Tmut/Pois      #.........   17%         3
 Ice Form                 Ice/Tmut       #.......     47%         4
 Blade Hands              Tmut           ##........   69%         5


Dungeon Overview and Level Annotations

Branches:
Dungeon (5/15)
 Temple: D:4-7

Altars:
Hepliaklqana


Innate Abilities, Weirdness & Mutations

You are completely covered in rugged brown scales. (AC +3, +7% HP)
You have supernaturally acute eyesight. (SInv)
Armour fits poorly on your strangely shaped body.
You can roll at foes to attack.
You have a long armoured tail.
You have a pair of horns on your head.
You have razor-sharp toenails.


Message History

You hit the worker ant but do no damage.
The worker ant is heavily wounded.
You feel sick. The worker ant barely misses you. The orc barely misses you.
The worker ant bites you.
* * * LOW HITPOINT WARNING * * *
You take 6 damage, and have 10/48 hp.
It was a potion of magic.
Magic courses through your body.
You feel sick. The orc closely misses you. The worker ant bites you.
* * * LOW HITPOINT WARNING * * *
You take 6 damage, and have 4/48 hp.
It was a potion of haste.
You feel yourself speed up. The worker ant barely misses you.
The orc barely misses you.
It was a potion of stabbing.
You feel ready to backstab.
* * * LOW HITPOINT WARNING * * *
You feel sick.
A howler monkey comes into view.
The white imp puffs mist at you. The worker ant bites you.
You die...

####. ....
...
#..#########
#..#.......#
#((#.......#
#.B........#
#5o@..<....#
#h##.......#
#. #########
.. .# .


You could see a howler monkey (wandering), a worker ant, a white imp and an orc.

Vanquished Creatures
  A bullfrog zombie (D:5)
  A hound (D:3)
  A bullfrog skeleton (D:4)
  2 worker ants (D:4)
  3 adders
  A shadow imp (D:5)
  3 worms
  A dart slug (D:2)
  4 leopard geckos
  6 orcs
  6 giant cockroaches
  11 goblins
  4 hobgoblins (D:1)
  5 kobolds
  3 quokkas
  A ball python (D:2)
  11 bats
  11 rats
75 creatures vanquished.

Notes
Turn   | Place    | Note
-------+----------+-------------------------------------------
     0 | D:1      | jasper the Palentonga Transmuter began the quest for the
                  | Orb.
     0 | D:1      | Reached XP level 1. HP: 17/17 MP: 3/3
   153 | D:1      | Reached XP level 2. HP: 19/24 MP: 3/5
   772 | D:2      | Reached XP level 3. HP: 16/31 MP: 4/6
  1205 | D:2      | Noticed a hornet
  1272 | D:2      | Reached skill level 4 in Unarmed Combat
  1425 | D:2      | Found a hazy altar of Hepliaklqana.
  1545 | D:2      | Reached XP level 4. HP: 34/38 MP: 7/7
  2256 | D:3      | Reached XP level 5. HP: 36/44 MP: 6/8
  2553 | D:4      | Learned a level 2 spell: Wereblood
  2554 | D:4      | Noticed an ogre
  2596 | D:4      | Reached skill level 1 in Shields
  2847 | D:4      | Reached skill level 5 in Unarmed Combat
  2968 | D:5      | Entered Level 5 of the Dungeon
  3008 | D:5      | Slain by a worker ant

Illustrated notes

Levels and vault maps discovered:
D:1:      tarquinn_simple_flora_water_e, layout_rooms
D:2:      layout_loops_ring, old_standard_altar
D:3:      layout_loops_ring
D:4:      layout_rooms, old_standard_altar
D:5:      layout_rooms, grunt_temple_overflow_diamond, serial_shops,
          nicolae_shop_crystal, shop, shop, nicolae_shop_behind_doors, shop

Skill      XL: |  1  2  3  4  5 |
---------------+----------------+-----
Dodging        | 2 |  2.2
Fighting       | 2 3 |  3.0
Unarmed Combat | 4 5 |  5.1
Shields        | 1 |  1.4
Spellcasting   | |  2.0
Transmutations | |  2.0

Action                   |  1- 3 |  4- 6 || total
-------------------------+-------+-------++-------
Melee: Unarmed           |   129 |   132 ||   261
       Tailslap          |    12 |    10 ||    22
       Headbutt          |     4 |     7 ||    11
       Kick              |     9 |    20 ||    29
       Punch             |     2 |     3 ||     5
Throw: Stone             |     9 |    11 ||    20
 Cast: Beastly Appendage |    13 |    12 ||    25
 Abil: Rolling Charge    |    25 |    20 ||    45
  Use: Scroll            |     6 |     2 ||     8
       Potion            |     1 |     4 ||     5
 Stab: Sleeping          |       |     1 ||     1
Armor: Robe              |    32 |    30 ||    62
Dodge: Dodged            |    66 |    66 ||   132

Table legend: (Time is in decaauts)
 A = Elapsed time spent in this place.
 B = Non-inter-level travel time spent in this place.
 C = Inter-level travel time spent in this place.
 D = Time resting spent in this place.
 E = Time spent auto-exploring this place.
 F = Levels seen in this place.
 G = Mean time per level.
                   A        B        C        D        E       F      G
               +--------+--------+--------+--------+--------+-----+--------+
         Total |   2996 |   2927 |     69 |    691 |   1572 |   5 |  599.2 |
       Dungeon |   2996 |   2927 |     69 |    691 |   1572 |   5 |  599.2 |
               +--------+--------+--------+--------+--------+-----+--------+

Top non-repeatable levels by time:
     D:3: 1186 daAuts
     D:2: 895 daAuts
     D:1: 685 daAuts
     D:4: 191 daAuts
     D:5: 38 daAuts
